[Event "Metz op 31th"]
[Site "Metz"]
[Date "2013.04.24"]
[Round "4"]
[White "Hilverda, Alexander"]
[Black "Wirig, Anthony"]
[Result "0-1"]
[ECO "E32"]
[WhiteElo "2329"]
[BlackElo "2481"]
[Annotator "Metz Alekhine/Primel,D"]
[PlyCount "72"]
[EventDate "2013.04.20"]
[EventType "swiss"]
[EventRounds "9"]
[EventCountry "FRA"]
[SourceTitle "EXT 2016"]
[Source "ChessBase"]
[SourceDate "2015.10.08"]
[SourceVersion "1"]
[SourceVersionDate "2015.10.08"]
[SourceQuality "1"]
[TimeControl "40/5400:1800+30"]
[WhiteClock "1:30:00"]
[BlackClock "1:30:00"]

1. d4 Nf6 2. c4 e6 3. Nc3 Bb4 4. Qc2 O-O 5. a3 (5. Nf3 c5 6. dxc5 Na6 7. c6
bxc6 8. a3) 5... Bxc3+ 6. Qxc3 d6 (6... d5 7. Bg5 (7. cxd5 Ne4 8. Qc2 exd5 9.
Bf4 Bf5 10. Qxc7) 7... c5 8. dxc5 d4 9. Qg3 Nc6 10. O-O-O e5 11. Nf3 Ne4 12.
Bxd8 Nxg3 13. hxg3 Rxd8 $11 {Morozevich,A (2750)-Karpov,A (2619) Wch Blitz 5th
2009 (25) 1-0}) 7. Nf3 b6 8. g3 Bb7 9. Bg2 a5 10. b3 Nbd7 11. O-O Be4 (11...
Qe7 ) 12. Bb2 Qb8 13. Bh3 $1 {[%cal Gf3d2] Une
manoeuvre classique pour éviter l'échange des B après Nd2} (13. a4 Rd8 14.
Rfe1 h6 15. Bh3 Bh7 16. Nd2 c6 17. Bg2 d5 {1/2-1/2 (17) Maiorov,N (2552)
-Zhigalko,S (2682) Minsk 2014}) 13... b5 14. Nd2 bxc4 15. bxc4 Nb6 $146 (15...
Bg6 16. Bg2 d5 17. Rac1 c6 18. Ba1 Ra7 19. f3 Re8 20. e4 Kh8 21. Rfe1 a4 22.
Qe3 Rb7 23. g4 dxe4 24. g5 Nh5 25. fxe4 Qf4 26. e5 Rc7 27. Bc3 Rb8 28. Re2
Qxe3+ 29. Rxe3 Nf4 30. Bh1 Bf5 31. Rf1 Ng6 32. Ba5 Ra7 33. Bb4 c5 34. dxc5
Ndxe5 35. c6 Rc8 36. c7 Raxc7 37. c5 h6 38. gxh6 gxh6 39. Rf2 Ng4 40. Rxf5 Nxe3
41. Rh5 Kh7 42. Rh3 Nd5 43. Ne4 Ngf4 44. Rf3 f5 45. Nf6+ {Manoeuvre,A (2111)
-Saiboulatov,D (2370) France 2009 0-1}) 16. Nxe4 Nxe4 17. Qc2 Nxc4 $1 18. Qxc4
Qxb2 19. Rfc1 d5 $1 20. Qd3 (20. Qxc7 Qxe2 $17 ) 20... c5 21. dxc5
Nxc5 $36 22. Qc3 Qxc3 23. Rxc3 Ne4 24. Rc7 Rfc8 25. Rac1 Rxc7 26. Rxc7 g6 27.
Bg2 Nd2 28. Rc2 Nb1 $1 29. a4 Rb8 30. Rc6 Nd2 31. f4 $6 Nb3 32.
Rc3 Rb4 33. e3 Nd2 34. Rd3 Nc4 $19 35. e4 Nb2 36. Rd2 dxe4 0-1

[Event "Metz op 31th"]
[Site "Metz"]
[Date "2013.04.23"]
[Round "6"]
[White "Hilverda, Alexander"]
[Black "Nguyen, Chi Minh"]
[Result "0-1"]
[ECO "E32"]
[WhiteElo "2329"]
[BlackElo "2372"]
[Annotator "Metz Alekhine/Primel,D"]
[PlyCount "38"]
[EventDate "2013.04.20"]
[EventType "swiss"]
[EventRounds "9"]
[EventCountry "FRA"]
[SourceTitle "EXT 2016"]
[Source "ChessBase"]
[SourceDate "2015.10.08"]
[SourceVersion "1"]
[SourceVersionDate "2015.10.08"]
[SourceQuality "1"]
[TimeControl "40/5400:1800+30"]
[WhiteClock "1:30:00"]
[BlackClock "1:30:00"]

1. d4 Nf6 2. c4 e6 3. Nc3 Bb4 4. Qc2 O-O 5. a3 Bxc3+ 6. Qxc3 b5 $5 {Les Noirs
ont des bons résultats avec ce gambit.} (6... c5 7. Nf3) 7. cxb5 c6 8. Bg5 {
L'acceptation du gambit est risquée} (8. bxc6 Nxc6 9. Bg5 Bb7 $44) 8... cxb5
9. e3 Bb7 10. Nf3 {93} h6 {88 Les deux adversaires sont bien préparés et ils
jouent vite l'ouverture} (10... a6) 11. Bh4 (11. Bxf6 Qxf6 12. Be2 Rc8 13. Qd3
a6 14. O-O Nc6 15. Nd2 Na5 16. Rfc1 Bd5 $11) 11... g5 (11... Nc6 12. Bxb5) (
11... a6 12. Bd3 Nc6 13. Qd2 (13. O-O d6 14. Rac1 Rc8 $11)) 12. Bg3 Ne4 13. Qc2
(13. Qd3 f5 14. Nd2 a6 15. Nxe4 (15. Rc1 Nxg3) 15... Bxe4 16. Qd2 Nc6 17. Bd6
Na5 {Turov,M (2630)-Naiditsch,A (2708) EU-ch blitz Warsaw 2012 (4) 0-1} (17...
Rf7 18. f3 Bd5 19. Rc1 Na5 $11 )) 13... Na6 14. b4 (14. Nd2 Rc8 $44) 14... Rc8 15. Qb2 {74} h5 $5 $146 {
[%csl Rg3] Paradoxalement, le K Noir est moins exposé par cette avance que le
K Blanc} (15... Nc7 16. Bd3 {Drozdovskij,Y (2603)-Naiditsch,A (2700) World Cup
ACP 3rd rapid 2009 (1.1) 1/2-1/2}) 16. Nd2 (16. h4 $5 {Probablement un moindre
mal pour les Blancs} Nxg3 17. fxg3) 16... h4 $36 17. Nxe4 Bxe4 18. Bd6 Rc2 $40
19. Qb3 Qf6 {[%csl Ra1,Rf2] Suite illisible et gain Noir au 26ème coup} 0-1

[Event "Sautron op 15th"]
[Site "Sautron"]
[Date "2015.10.27"]
[Round "5.1"]
[White "Zubarev, Alexander2"]
[Black "Le Roux, Jean Pierre"]
[Result "1/2-1/2"]
[ECO "E32"]
[WhiteElo "2542"]
[BlackElo "2572"]
[Annotator "Primel,D"]
[PlyCount "112"]
[EventDate "2015.10.24"]
[EventType "swiss"]
[EventRounds "9"]
[EventCountry "FRA"]
[SourceTitle "CBM 169 Extra"]
[Source "ChessBase"]
[SourceDate "2015.12.18"]
[SourceVersion "1"]
[SourceVersionDate "2015.12.18"]
[SourceQuality "1"]
[TimeControl "40/5400+30:1800+30"]
[WhiteClock "0:06:31"]
[BlackClock "0:03:45"]

1. d4 Nf6 2. c4 e6 (2... g6 {Le second répertoire du breton}) 3. Nc3 Bb4 4. Qc2 d6 $5 {[%emt 0:00:17] Une ligne
secondaire} (4... O-O 5. a3 (5. e4 d5 6. e5 Ne4 7. Bd3 c5 8. Nf3 cxd4 9. Nxd4
Nd7 (9... Nc5 10. Bxh7+ Kh8 11. Nf3 d4 12. Bg5 f6 $13)) 5... Bxc3+ 6. Qxc3 b6
7. Bg5 Bb7 (7... Ba6) (7... c5) (7... h6) 8. f3 h6 9. Bh4 d5 (
9... d6 10. e3) 10. e3 Nbd7 11. cxd5 Nxd5 12. Bxd8 Nxc3 13. Bh4 Nd5 14. Bf2 c5
(14... f5 15. Bb5 c6 16. Bd3 (16. Ba4 e5 17. Ne2 Rae8 18. Kd2 $13 {Miron,L 
(2544)-Jianu,V (2560) Condom op 12th 2013 (5) 1/2}) 16... e5 17. Ne2 Rae8 (
17... e4 18. fxe4 fxe4 19. Bxe4 Nxe3 20. Bxe3 Rae8 $36 )) 15. e4 (
15. Bb5) 15... Ne7 16. Ne2 Rac8 17. Nc3 cxd4 18. Bxd4 Nc5 19. Rd1 Rfd8 $32) (
4... d5) 5. Nf3 (5. a3) (5. Bg5) 5... Nbd7 (
5... Nc6 {Plus courant} 6. Bd2 O-O 7. a3 Bxc3 8. Bxc3 Qe7 (8...
a5 )) 6. Bd2 {[%emt 0:02:47][%cal Ga2a3] Un coup un peu trop
lent qui ne pose pas trop de problèmes aux Noirs pour égaliser} (6. g3 $142
b6 7. Bg2 Bb7 8. O-O O-O 9. Rd1 $14 {Topalov,V (2793)-Grischuk,A (2779)
Thessaloniki FIDE GP 2013 (1) 1/2}) 6... b6 {[%emt 0:08:21] La ligne
secondaire Bd2 a surpris un peu les Noirs qui commencent а réfléchir} 7. e3 {
[%emt 0:33:31] Curieusement, l'ukrainien va dépenser plus d'une 1/2 h sur
cette position théorique et c'est le signe d'une préparation non réussie} (
7. e4 $142 Bb7 8. Bd3 e5 9. d5 a5 10. b3 O-O 11. a3 Bxc3 12. Bxc3 Nc5 13. O-O
Nh5 14. b4 Nxd3 15. Qxd3 Nf4 16. Qc2 Bc8 17. Bd2 Qf6 18. Bxf4 Qxf4 19. Nd2 f5
20. b5 fxe4 21. Nxe4 Bf5 22. Rae1 Rf7 23. Re3 Raf8 24. Qe2 Qh6 25. f3 Bg6 26.
g3 Bf5 27. h4 Bxe4 28. Rxe4 Rf5 29. Kg2 Qg6 30. Qe3 Rf4 31. Rf2 R8f5 32. Kh2
Rxe4 {1/2-1/2 (32) Fridman,D (2648)-Fedorchuk,S (2660) Beer Sheva 2013}) 7...
Bb7 8. a3 Bxc3 9. Bxc3 Ne4 10. Bd3 Nxc3 (10... f5 $5 {Thématique dans ce genre de structure} 11. d5 Ndc5 $132)
11. bxc3 $146 {[%emt 0:00:09] Bizarre après avoir joué Qc2} (11. Qxc3 Nf6 12.
O-O Bxf3 13. gxf3 O-O 14. Rfe1 Nh5 15. Bf1 Qg5+ 16. Bg2 f5 17. f4 Qg6 18. Kf1
Rae8 19. Rad1 Nf6 20. b4 Qh5 21. h3 Ne4 22. Bxe4 fxe4 23. Kg2 Qf3+ 24. Kf1 Rf6
25. Re2 Qh1# {0-1 (25) Nowak,T-Lankof,P Leba 2009}) 11... Qe7 $1 $11 (11... Nf6 12. O-O O-O 13. a4 a5 14. Rab1 Qe7 $132) 12. Be4 $5 Bxe4 13. Qxe4 O-O 14. Qc6 $1 Nf6 15. a4 Qd7 (15... a5) 16. Qxd7 Nxd7 17. a5 $1 (
17. O-O $143 a5 $15 ) 17... Rfb8 18. axb6 Rxb6 $5 (18... axb6 {
Plus naturel mais les R Noires sont assez mal placées} 19. Ke2 $14 ) 19. Ke2 Kf8 20. Ra2 a5 21. Rha1 Rba6 22. Rb1 $14 R8a7 (22... Ke7 23. Rb7 R6a7) 23. Kd3 Ke7 24. g4 $1 h6 25. h4 a4 26. Nd2 Ra5 {
[%emt 0:04:08] (=)} 27. f4 {[%emt 0:04:42] Les Blancs ont plus d'espace et ils
préfèrent continuer mais les chances de gains sont assez minimes.} g5 $1 28. Nf3 (28. hxg5 hxg5) 28... gxh4 29. Rh1 Kf8 30. Rxh4 Kg7 {[%emt 0:00:03] Il restait moins de 2 mns aux Noirs pour passer le
contrôle de temps} 31. g5 $6 {[%emt 0:06:01] L'inconvénient est de permettre
aux Noirs de se débarasser de la faiblesse "h6"} (31. Rah2 a3 32. Rxh6 a2 33.
Rh7+ Kf6 ) 31... hxg5 32. Nxg5 Nf8 33. Rh1 Kf6 34. c5 $1 dxc5 35. Ne4+ Ke7 36. Nxc5 Nd7 37. Nxd7 Kxd7 38. Rh7 Ke7 39. Kc4 $1 R5a6 $1 {[%emt 0:00:51] Empêche
Kb4} 40. Rh5 f5 41. Rh1 Kd6 42. Ra3 Ra5 43.
Rb1 R7a6 44. Kd3 c5 $1 45. c4 Kc6 (45... cxd4 $143
46. exd4 ) 46. Kc3 Ra8 47. Rh1 R5a7 48. Rh6 $1 Re7 49. d5+ Kd7 50. Kd3 exd5 51. cxd5 Rae8
$1 52. Kc4 Rxe3 53. Rxe3 (53. Rxa4 R8e4+ 54. Kb5 Rb3+) 53... Rxe3 54.
Kxc5 Re4 55. Rh7+ Kc8 56. Rh8+ Kd7 1/2-1/2

[Event "Sautron op 15th"]
[Site "Sautron"]
[Date "2015.10.24"]
[Round "9.6"]
[White "Migot, Tangi"]
[Black "Stany, George Anthony"]
[Result "0-1"]
[ECO "E32"]
[WhiteElo "2399"]
[BlackElo "2385"]
[Annotator "Stany,GA"]
[PlyCount "78"]
[EventDate "2015.10.24"]
[EventType "swiss"]
[EventRounds "9"]
[EventCountry "FRA"]
[SourceTitle "CBM 169 Extra"]
[Source "ChessBase"]
[SourceDate "2015.12.18"]
[SourceVersion "1"]
[SourceVersionDate "2015.12.18"]
[SourceQuality "1"]
[TimeControl "40/5400+30:1800+30"]
[WhiteClock "0:00:59"]
[BlackClock "0:03:34"]

{This was the final round of Sautron Open and a win would have helped me to
gain few rating points and tie for first place as well.} 1. d4 {[%emt 0:00:00]
My opponent has generally played 1.e4 and occasionally played 1.d4 so it was
understandable that he was not very well prepared in the opening} Nf6 2. c4 e6 3. Nc3 Bb4 4. Qc2 O-O 5. e4 $1 {
[%emt 0:01:08] I liked his opening choice because (a) I was surprised, (b) I
had never faced this line so far in a tournament game; therefore, had very
less idea about the theory, and (c) It is a dynamic move and suits our current
tournament situation.} d5 6. e5 Ne4 7. Bd3 c5 8. a3 {[%emt 0:00:48]
During the game 8.a3 looked natural and I was out of theory from here.} Bxc3+ 9. bxc3 Qa5 (9... cxd4 {
Generelly top players have gone with cd4 first, then Qa5 followed by f6 later.}
10. cxd4 Qa5+ 11. Kf1 Nc6 12. Ne2 f6 13. Bxe4 dxe4 14. exf6 Rxf6 15. Be3 b6 16.
h4 Bb7 17. Rh3 Ne7 18. Kg1 Rc8 19. Bg5 Rf7 20. Rc3 Nf5 21. Rb1 h6 22. Rb5 Qa6
23. Rb4 Bc6 24. d5 exd5 25. cxd5 Bd7 26. Rxc8+ Qxc8 27. Qxc8+ {1/2-1/2 (27)
Bartel,M (2658)-Tomashevsky,E (2740) Moscow 2012}) 10. Ne2 cxd4 11. Bxe4 $6 $146 ({I was expecting} 11.
cxd5 exd5 12. f3 Nxc3 13. Nxd4 Nb5+ (13... Ne4+ 14. Ke2 f5 $13) 14. Bd2 Nxd4
15. Bxh7+ Kh8 16. Bxa5 Nxc2+ 17. Bxc2 Nc6 18. Bb4 Nxb4 19. axb4 f6 20. exf6
Rxf6 21. Kd2 Bd7 22. Rhe1 a6 23. Re7 Rd8 24. Rae1 Kg8 25. h4 Kf8 26. h5 Be8 27.
Rxb7 Bxh5 28. Rh1 Rh6 29. g4 Be8 30. Rxh6 gxh6 31. Rb6 Kg7 32. Bd3 Rd7 33. Bxa6
Rf7 34. Rb7 Bd7 35. b5 Kf6 36. b6 Ke6 37. Bb5 {1-0 (37) Karpov,A (2619)
-Pelletier,Y (2578) Cap d'Agde 2013}) 11... dxe4 12. Qxe4 Nd7 $1 (12... Nc6 13. Bf4 dxc3 14. O-O {
and white is doing fine}) 13. O-O (13. Bf4 {Doesn't work now
due to} Nc5 14. Qxd4 Nb3) 13... Qxe5 14. Qf3 (14. Qxe5 Nxe5 15. cxd4 Nxc4 {is clear lost for White}) 14... dxc3 15. Bf4 $1 {[%emt 0:00:18] The only way for White to survive is by
hindering Blacks development and also by putting pressure with continuous
threats} Qf5 {[%emt 0:07:27] I thought my Queen would be safest on g6 square} (
15... Qa5 16. Bd6 Re8 17. Bb4 Qc7 18. Nxc3) (15... Qf6 16. Nxc3 Nb6 17. Ne4 Qg6
18. Nd6) 16. Ng3 (16. Nxc3 Nb6 17. Nb5 e5 18. Bg3 Qxf3 19.
gxf3 Nxc4) 16... Qg6 17. Bd6 Re8 {[%emt 0:02:
05] and no more threats!} 18. Ne4 $6 {[%emt 0:02:07] Ne4 is tempting but it is
misplaced here, Now it helps Black to gain control over a8-h1 diagonal as
happened in the game} (18. Rfc1 c2 19. Ra2 e5 20. c5 {was the best way to
fight although Black is still better after e4 followed by Nf6} e4) 18... Nb6 19. Rfe1 (19. c5 Nc4 {was my idea} 20. Nxc3 (
20. Rfc1 Bd7 21. Rxc3 Nxd6 22. Nxd6 Bc6 $17) 20... Nd2) 19... Nxc4 20. Qxc3 b5 $1 {[%emt 0:01:18] My opponent missed this
move} 21. Bg3 (21. a4 Bb7 $19) 21... Bb7 {[%emt 0:01:35] Now
I am two pawns up and clearly winning} 22. Nc5 Bd5 23. Na6 Rac8 {[%emt 0:03:32] Thanks to my well placed
Queen on g6 White can never play Nc7} 24. Qb4 (24. Qd4 Ba8 25.
Qxa7 e5 $19) 24... h5 25. f3 (25. h4 f5 26.
Qb1 Nd2 27. Qb4 Ne4) 25... Bxf3 26. Ra2 (26.
gxf3 h4 27. Kg2 hxg3 28. hxg3 Ne3+ $1 {I thought my opponent would fall into
this but he escaped} 29. Rxe3 Rc2+ 30. Kh1 (30. Kh3 Qh6+ 31. Qh4 Qxe3) 30...
Qxg3) 26... Bd5 27. Rf2 e5 28. Qxb5 Qc6 {[%emt 0:00:19] Forcing the exchange. Once the
queens are off the board it was easy to convert the material into a win.} 29.
a4 Qxb5 30. axb5 f6 31. Rc2 Na3 32. Rb2 Bc4 33. Ra1 Nxb5 34.
Nb4 Nd4 35. Rxa7 Ne2+ 36. Kf2 Nxg3 37. Kxg3 Rb8 38. Rd2 Rxb4 39. Rdd7 Kh8 0-1